 Dungeon Crawl Stone Soup version 0.24.0-1-gfbc8707122 (webtiles) character file.

Game seed: 14566755105572511393, levelgen mode: deterministic

170362 Mrkan the Warrior (level 17, -1/166 HPs)
             Began as a Minotaur Berserker on Oct 25, 2019.
             Was a High Priest of Trog.
             Slain by a tyrant leech (33 damage)
             ... on level 2 of the Spider Nest on Oct 26, 2019.
             The game lasted 01:36:25 (28744 turns).

Mrkan the Warrior (Minotaur Berserker)             Turns: 28744, Time: 01:36:26

Health: -1/166     AC: 35    Str: 29    XL:     17   Next: 12%
Magic:  7/7        EV: 18    Int:  4    God:    Trog [*****.]
Gold:   2114       SH: 10    Dex: 18    Spells: 16/16 levels left

rFire    + . .     SeeInvis .   B - +10 trident of Teghohaj {pierce, MP-9 Dex+5}
rCold    . . .     Gourm    .   d - +0 buckler
rNeg     . . .     Faith    .   A - +7 plate armour {rF+}
rPois    +         Spirit   .   e - +0 hat
rElec    .         Reflect  +   j - +0 cloak
rCorr    .         Harm     .   g - +1 pair of gloves {Str+3}
MR       ++...                  s - +2 pair of boots
Stlth    ..........             F - +3 amulet of reflection
HPRegen  0.37/turn              H - ring of poison resistance
MPRegen  0.10/turn              D - ring of protection from magic

@: slowed, very slow
A: retaliatory headbutt, horns 2, thin metallic scales 1, blink, clumsy 1,
strong 1
}: 1/15 runes: barnacled
a: Blink, Berserk, Trog's Hand, Brothers in Arms, Renounce Religion


You were on level 2 of the Spider Nest.
You worshipped Trog.
Trog was extremely pleased with you.
You were not hungry.

You visited 5 branches of the dungeon, and saw 30 of its levels.

You collected 3400 gold pieces.
You spent 1286 gold pieces at shops.

Inventory:

Hand Weapons
 a - a +4 demon trident of pain
 B - the +10 trident of Teghohaj (weapon) {pierce, MP-9 Dex+5}
   (You found it on level 8 of the Dungeon)

   It inflicts extra damage upon your enemies.
   It affects your dexterity (+5).
   It affects your magic capacity (-9).
 K - a +4 bardiche of freezing
 R - a +2 antimagic lajatang
 Z - a +2 broad axe of flaming
Armour
 d - a +0 buckler (worn)
 e - a +0 hat (worn)
 g - a +1 pair of gloves of strength (worn)
 j - a +0 cloak (worn)
 s - a +2 pair of boots (worn)
 A - a +7 plate armour of fire resistance (worn)
Jewellery
 l - an uncursed amulet of rage {unknown}
 o - an uncursed ring of poison resistance
 q - an uncursed ring of resist corrosion
 D - a ring of protection from magic (right hand)
 F - a +3 amulet of reflection (around neck)
 G - an uncursed ring of protection from fire
 H - a ring of poison resistance (left hand)
 M - an uncursed ring of positive energy
 Y - an uncursed ring of fire
Wands
 i - a wand of acid (19)
 t - a wand of flame (28)
 v - a wand of polymorph (20)
 I - a wand of iceblast (40)
 N - a wand of paralysis (6)
 O - a wand of enslavement (5)
 Q - a wand of random effects (14)
 T - a wand of digging (2)
 W - a wand of disintegration (17)
 X - a wand of scattershot (7)
Scrolls
 f - 7 scrolls of fog
 h - 19 scrolls of teleportation
 n - a scroll of silence {unknown}
 r - 8 scrolls of magic mapping
 y - 14 scrolls of remove curse
 E - 4 scrolls of holy word
 S - 2 scrolls of fear
Potions
 b - 2 potions of invisibility
 k - 2 potions of brilliance
 m - 5 potions of agility
 p - 3 potions of resistance
 u - 5 potions of haste
 x - 5 potions of lignification
 z - 4 potions of mutation
 C - 4 potions of curing
 J - 2 potions of magic
 L - a potion of ambrosia
 U - a potion of might
 V - 2 potions of cancellation
Comestibles
 c - 33 rations
 w - 2 chunks of flesh


   Skills:
 + Level 18.6 Fighting
 - Level 9.4(13.6) Axes
 + Level 15.6(16.5) Polearms
 + Level 17.7 Armour
 + Level 15.2 Dodging
 - Level 9.0 Shields


You had 16 spell levels left.
You didn't know any spells.
Your spell library was empty.

Dungeon Overview and Level Annotations

Branches:
Dungeon (15/15)            Temple (0/1) D:7            Lair (6/6) D:10
 Shoals (4/4) Lair:2       Spider (3/4) Lair:4        Slime (0/5) Lair:5
    Orc (2/2) D:9             Elf (0/3) Orc:2        Vaults (0/5) D:14
 Depths (0/5) D:15

Altars:
Cheibriados
Dithmenos
Elyvilon
Gozag
Okawaru
Ru
Vehumet
Xom
Yredelemnul
Zin
The Shining One
Beogh
Jiyva

Shops:
D:6 !   D:9 ?   D:11 =(   D:13 !   Orc:2 ?(**==*[(

Annotations:
Shoals:1 2 transporters, AtomicRavioli's ghost, adept OgFi
Shoals:2 exclusion: oklob plant
Orc:2 2 transporters, Inquire's ghost, journeyman TrMo


Innate Abilities, Weirdness & Mutations

You reflexively headbutt those who attack you in melee.
You have a pair of horns on your head.
You are partially covered in thin metallic scales. (AC +2)
You can translocate small distances at will.
You are clumsy. (Dex -2)
Your muscles are strong. (Str +2)


Message History

The tyrant leech bites you!
The tyrant leech draws strength from your injuries!
The tyrant leech misses you. The tyrant leech barely misses you.
The tyrant leech bites you but does no damage.
The tyrant leech closely misses you. You furiously retaliate!
You headbutt the tyrant leech! The tyrant leech bites you!
The tyrant leech draws strength from your injuries!
You block the tyrant leech's attack.
The tyrant leech bites your iron troll but does no damage.
Your iron troll bites the tyrant leech!!
Your iron troll claws the tyrant leech.
Your iron troll claws the tyrant leech!
The tyrant leech bites you!!!
* * * LOW HITPOINT WARNING * * *
The tyrant leech draws strength from your injuries!
The tyrant leech bites you but does no damage.
The tyrant leech barely misses your iron troll.
The tyrant leech closely misses you.
The tyrant leech bites your iron troll!!
The tyrant leech bites you!!
You die... #### ... ###≈≈ ##≈≈≈ #≈≈≈###### .≈ #ww≈#www≈≈ ≈.. #Tw≈w≈wwy.

≈≈#. #≈ww#ww≈w≈
#≈≈..
#@w≈#######≈≈≈..
##≈≈≈≈≈≈≈≈≈≈≈#≈^
###≈≈≈≈≈≈≈^..###.
##.##.##....^..
#.....#.......
####..#≈......
#^...^≈#.###.
##.....##≈#..
###......##^


You could see 10 tyrant leeches, a torpor snail and a friendly iron troll
(berserk).

Vanquished Creatures
  Jorgrun (Orc:2)
  A fire giant (D:15)
  An emperor scorpion (Spider:1)
  A merfolk javelineer (Shoals:3)
  Josephine (D:10)
  14 merfolk impalers
  An ogre mage (D:15)
  8 vault guards
  4 hydras
  4 merfolk avatars
  4 centaur warriors
  5 merfolk aquamancers
  4 death yaks (Lair:2)
  8 two-headed ogres
  An orc high priest (Orc:2)
  Sonja (Lair:3)
  10 sea snakes
  An unseen horror (shapeshifter) (D:13)
  2 unseen horrors
  13 harpies
  Pikel (D:7)
  6 ugly things
  8 orb spiders
  7 wolf spiders
  2 orc knights (Orc:2)
  5 fauns
  2 deep elf magi
  2 orc sorcerers (Orc:2)
  14 manticores
  8 cyclopes
  13 elephants
  10 merfolk sirens
  3 black mambas (Lair:6)
  A moth of wrath (Spider:2)
  5 water nymphs
  4 torpor snails
  15 spiny frogs
  A gargoyle (D:12)
  2 rime drakes
  3 yaktaurs (D:15)
  5 komodo dragons
  2 kobold demonologists (D:12)
  4 demonic crawlers
  A freezing wraith (D:15)
  21 jumping spiders
  6 trolls
  26 merfolk
  5 tyrant leeches
  4 hornets
  A polar bear (Lair:4)
  4 slime creatures
  3 wind drakes
  5 blink frogs (Lair:6)
  15 dream sheep (Lair:6)
  10 hippogriffs
  6 snapping turtles
  35 redbacks
  16 water elementals
  A shadow (D:15)
  9 tarantellas
  36 yaks
  3 wyverns
  5 wraiths
  A hog (shapeshifter) (D:13)
  4 basilisks
  A basilisk (shapeshifter) (D:13)
  3 hungry ghosts
  5 vampire mosquitoes (Lair:6)
  3 wargs
  A swamp worm (Spider:2)
  14 water moccasins
  13 porcupines
  Duvessa (D:6)
  3 ice beasts
  A slave (D:7)
  28 orc warriors
  4 sky beasts
  3 black bears
  4 phantoms
  13 ogres
  A necrophage (D:10)
  12 wolves
  5 centaurs
  A big kobold (D:12)
  11 crocodiles
  A wyvern zombie (D:13)
  27 bullfrogs
  A water moccasin zombie (D:6)
  Dowan (D:6)
  6 scorpions
  A wyvern skeleton (D:10)
  3 troll zombies (D:9)
  13 killer bees
  7 wights
  2 howler monkeys
  2 electric eels
  5 crimson imps
  A centaur zombie (D:9)
  A bullfrog zombie (D:13)
  4 hounds
  7 jellies
  20 orc wizards
  A quasit (D:7)
  A gnoll shaman (D:10)
  15 orc priests
  3 centaur skeletons
  2 bullfrog skeletons
  An iguana (D:9)
  9 worker ants
  A killer bee zombie (D:7)
  5 ogre zombies (D:9)
  A worker ant zombie (D:11)
  8 adders
  4 gnolls
  7 shadow imps
  9 oozes
  An adder zombie (D:4)
  2 worms
  3 dart slugs
  57 orcs
  A ball python (D:3)
  4 bats
  2 giant cockroaches
  10 goblins
  11 hobgoblins
  15 jackals
  5 quokkas
  8 frilled lizards
  2 goblin skeletons (D:9)
  3 goblin zombies (D:9)
  2 hobgoblin skeletons (D:9)
  7 hobgoblin zombies (D:9)
  7 kobolds
  2 leopard gecko skeletons
  11 orc zombies (D:9)
  A quokka zombie (D:6)
  8 rats
  4 fungi
  10 plants
897 creatures vanquished.

Vanquished Creatures (collateral kills)
  An orc warlord (Orc:2)
  An ice dragon (D:13)
  2 harpies (Shoals:4)
  An orc knight (Orc:2)
  2 orc sorcerers (Orc:2)
  A manticore (Shoals:4)
  7 spiny frogs (Lair:6)
  A rime drake (D:13)
  A polar bear (D:13)
  A merfolk (Shoals:4)
  A tyrant leech (Lair:6)
  6 blink frogs (Lair:6)
  A snapping turtle (Shoals:4)
  A vampire mosquito (Lair:6)
  3 orc warriors (Orc:2)
  2 bullfrogs (Lair:6)
  An orc wizard (Orc:2)
  An orc (Orc:2)
34 creatures vanquished.

Vanquished Creatures (others)
  A tengu warrior (D:15)
  An orb spider (Spider:1)
  2 slaves (D:7)
  2 orcs (D:7)
  A bush (Lair:6)
  18 fungi
  38 plants
  12 tentacles (Shoals:4)
75 creatures vanquished.

Grand Total: 1006 creatures vanquished

Notes
Turn   | Place    | Note
-------+----------+-------------------------------------------
     0 | D:1      | Mrkan the Minotaur Berserker began the quest for the Orb.
     0 | D:1      | Reached XP level 1. HP: 19/19 MP: 0/0
    97 | D:1      | Reached XP level 2. HP: 18/27 MP: 1/1
   814 | D:2      | Reached skill level 4 in Fighting
   896 | D:2      | Reached XP level 3. HP: 30/33 MP: 2/2
  1234 | D:2      | Reached ** piety under Trog
  1648 | D:3      | Reached skill level 5 in Axes
  1657 | D:3      | Reached XP level 4. HP: 36/41 MP: 3/3
  1716 | D:3      | Found a radiant altar of Vehumet.
  2232 | D:4      | Noticed an ogre
  2244 | D:4      | Reached XP level 5. HP: 33/47 MP: 4/4
  2266 | D:4      | Noticed a phantom
  2291 | D:4      | Killed an ogre
  2291 | D:4      | Reached skill level 5 in Fighting
  2321 | D:4      | Killed a phantom
  2321 | D:4      | Reached XP level 6. HP: 18/56 MP: 5/5
  2625 | D:4      | Found an opulent altar of Gozag.
  2762 | D:4      | Reached XP level 7. HP: 59/62 MP: 6/6
  2930 | D:4      | Found a white marble altar of Elyvilon.
  3097 | D:4      | Reached *** piety under Trog
  3201 | D:5      | Entered Level 5 of the Dungeon
  3251 | D:5      | Reached skill level 5 in Armour
  3258 | D:5      | Reached skill level 6 in Fighting
  3456 | D:5      | Found a sacrificial altar of Ru.
  3457 | D:5      | You fall into a shaft and drop 1 floor!
  3496 | D:6      | Found a shadowy altar of Dithmenos.
  3623 | D:6      | Found Keporr's Distillery.
  3629 | D:6      | Bought a potion of mutation for 104 gold pieces
  3663 | D:6      | Noticed Duvessa
  3663 | D:6      | Noticed Dowan
  3675 | D:6      | Killed Duvessa
  3686 | D:6      | Killed Dowan
  3759 | D:6      | You fall into a shaft and drop 2 floors!
  3778 | D:8      | Reached XP level 8. HP: 49/71 MP: 7/7
  3873 | D:8      | Got an iridescent trident
  3911 | D:8      | Identified the +10 trident of Teghohaj {pierce, MP-9 Dex+5}
                  | (You found it on level 8 of the Dungeon)
  3931 | D:8      | Reached skill level 7 in Fighting
  3936 | D:8      | Reached skill level 1 in Polearms
  4603 | D:6      | Found a snail-covered altar of Cheibriados.
  5136 | D:7      | Noticed Pikel
  5146 | D:7      | Killed Pikel
  5146 | D:7      | Reached skill level 8 in Fighting
  5146 | D:7      | Reached skill level 5 in Polearms
  5146 | D:7      | Reached XP level 9. HP: 77/82 MP: 0/8
  5190 | D:7      | Found a staircase to the Ecumenical Temple.
  5387 | D:7      | Reached **** piety under Trog
  5489 | D:7      | Reached skill level 9 in Fighting
  5772 | D:7      | Found a glowing silver altar of Zin.
  6150 | D:8      | Found an iron altar of Okawaru.
  6190 | D:8      | Found a basalt altar of Yredelemnul.
  6231 | D:8      | Reached XP level 10. HP: 90/91 MP: 0/9
  6597 | D:9      | Noticed a two-headed ogre
  6604 | D:9      | Killed a two-headed ogre
  6681 | D:9      | Reached ***** piety under Trog
  6727 | D:9      | Received a gift from Trog
  6732 | D:9      | Found a staircase to the Orcish Mines.
  6841 | D:9      | Reached skill level 10 in Fighting
  6971 | D:9      | Reached skill level 10 in Polearms
  7038 | D:9      | Found Sayza's Magic Scroll Emporium.
  7042 | D:9      | Bought 3 scrolls of identify for 84 gold pieces
  7050 | D:9      | Bought a scroll of identify for 28 gold pieces
  7050 | D:9      | Bought a scroll of identify for 28 gold pieces
  7631 | D:10     | Entered Level 10 of the Dungeon
  7670 | D:9      | Reached skill level 10 in Armour
  7895 | D:10     | Found a staircase to the Lair.
  7930 | D:10     | Noticed Josephine
  7967 | D:10     | Killed Josephine
  7967 | D:10     | Reached XP level 11. HP: 75/101 MP: 1/10
  7990 | D:10     | Reached skill level 11 in Fighting
  8386 | D:10     | Found a shimmering altar of Xom.
  8423 | D:10     | Noticed a two-headed ogre
  8427 | D:10     | Killed a two-headed ogre
  8879 | D:11     | Found Ifaorez's Jewellery Emporium.
  8934 | D:11     | Bought a +3 amulet of reflection for 251 gold pieces
  8938 | D:11     | Gained mutation: You can translocate small distances at
                  | will. [potion of mutation]
  8938 | D:11     | Gained mutation: You are partially covered in thin metallic
                  | scales. (AC +2) [potion of mutation]
  8938 | D:11     | Gained mutation: You are clumsy. (Dex -2) [potion of
                  | mutation]
  8938 | D:11     | Gained mutation: Your muscles are strong. (Str +2) [potion
                  | of mutation]
  9185 | D:11     | Found Vutufyox's Weapon Emporium.
  9809 | D:12     | Reached skill level 12 in Fighting
 10011 | D:12     | Killed an unseen horror
 10513 | D:13     | You fall into a shaft and drop 2 floors!
 10513 | D:15     | Entered Level 15 of the Dungeon
 10565 | D:15     | Received a gift from Trog
 10638 | D:14     | Noticed a vault guard
 10638 | D:14     | Noticed a vault guard
 10639 | D:14     | Found a gate to the Vaults.
 10639 | D:14     | Noticed a vault guard
 10639 | D:14     | Noticed a vault guard
 10640 | D:14     | Noticed a vault guard
 10640 | D:14     | Noticed a vault guard
 10640 | D:14     | Noticed a vault guard
 10663 | D:13     | Killed a vault guard
 10663 | D:13     | Reached XP level 12. HP: 90/113 MP: 2/11
 10713 | D:13     | Found a frozen archway.
 10716 | D:13     | Noticed an ice dragon
 10743 | D:13     | Killed an ice dragon
 10908 | D:13     | Noticed a centaur warrior
 10910 | D:13     | Reached skill level 13 in Fighting
 10910 | D:13     | Reached skill level 5 in Dodging
 10918 | D:13     | Killed a centaur warrior
 11403 | Lair:1   | Entered Level 1 of the Lair of Beasts
 12172 | Lair:2   | Found a staircase to the Shoals.
 12218 | Lair:2   | Noticed a death yak
 12218 | Lair:2   | Noticed a death yak
 12218 | Lair:2   | Noticed a death yak
 12219 | Lair:2   | Noticed a death yak
 12258 | Lair:2   | Killed a death yak
 12262 | Lair:2   | Killed a death yak
 12268 | Lair:2   | Killed a death yak
 12284 | Lair:2   | Received a gift from Trog
 12395 | Lair:2   | Reached skill level 14 in Fighting
 12395 | Lair:2   | Reached XP level 13. HP: 114/124 MP: 3/12
 13548 | Lair:3   | Noticed Sonja
 13550 | Lair:3   | Killed Sonja
 14194 | Lair:4   | Found a hole to the Spider Nest.
 14379 | Lair:4   | Received a gift from Trog
 14698 | Lair:5   | You fall into a shaft and drop 1 floor!
 14698 | Lair:6   | Entered Level 6 of the Lair of Beasts
 14713 | Lair:6   | Reached skill level 15 in Fighting
 14790 | Lair:6   | Reached ****** piety under Trog
 14797 | Lair:6   | Reached skill level 15 in Armour
 14856 | Lair:6   | Reached skill level 10 in Dodging
 14899 | Lair:6   | Reached XP level 14. HP: 40/135 MP: 4/13
 14991 | Lair:6   | Got a smoking hand crossbow
 15513 | Lair:6   | Received a gift from Trog
 16009 | Lair:5   | Found a runed translucent door.
 16009 | Lair:5   | Found a viscous altar of Jiyva.
 16014 | Lair:5   | Found a staircase to the Slime Pits.
 16226 | Lair:5   | Reached skill level 16 in Fighting
 16807 | Orc:1    | Entered Level 1 of the Orcish Mines
 16880 | Orc:2    | Entered Level 2 of the Orcish Mines
 16880 | Orc:2    | Found a staircase to the Elven Halls.
 16880 | Orc:2    | Found a transporter.
 16882 | Orc:2    | Noticed Jorgrun
 16899 | Orc:2    | Killed Jorgrun
 16924 | Orc:2    | Noticed an orc warlord
 16934 | Orc:2    | Killed an orc warlord
 16936 | Orc:2    | Found Paill's Jewellery Shop.
 16978 | Orc:2    | Found Poczuapt's General Store.
 17354 | Orc:2    | Paralysed by an orc sorcerer for 3 turns
 17394 | Orc:2    | Bought a potion of heal wounds for 80 gold pieces
 17400 | Orc:2    | Found Riopnag's Jewellery Emporium.
 17430 | Orc:2    | Bought an uncursed ring of poison resistance for 300 gold
                  | pieces
 17493 | Orc:2    | Found Ajoradi's Antique Weapon Shoppe.
 17547 | Orc:2    | Found Hien's General Store.
 17668 | Orc:2    | Noticed Inquire's ghost (journeyman TrMo)
 17680 | Orc:2    | Found a transporter.
 17724 | Orc:2    | Found Vonela's Weapon Shoppe.
 17742 | Orc:2    | Received a gift from Trog
 17761 | Orc:2    | Found Ziafagy's Antique Armour Emporium.
 17799 | Orc:2    | Found a roughly hewn altar of Beogh.
 17979 | Orc:2    | Found Gathrammu's General Store.
 17989 | Orc:2    | Bought a scroll of identify for 26 gold pieces
 17989 | Orc:2    | Bought a scroll of identify for 26 gold pieces
 18038 | Orc:2    | Found Yveby's Magic Scroll Shop.
 18046 | Orc:2    | Bought a scroll of enchant armour for 105 gold pieces
 18046 | Orc:2    | Bought a scroll of identify for 28 gold pieces
 18046 | Orc:2    | Bought a scroll of identify for 28 gold pieces
 19146 | D:13     | Found a glowing golden altar of the Shining One.
 19151 | D:13     | Found Ulaunk's Distillery.
 19161 | D:13     | Bought a potion of curing for 33 gold pieces
 19161 | D:13     | Bought a potion of heal wounds for 55 gold pieces
 19161 | D:13     | Bought 2 potions of heal wounds for 110 gold pieces
 19786 | D:14     | Reached XP level 15. HP: 124/146 MP: 5/14
 20203 | D:15     | Reached skill level 17 in Fighting
 20228 | D:15     | Found a staircase to the Depths.
 20228 | D:15     | Noticed a fire giant
 20289 | D:15     | Killed a fire giant
 21210 | Shoals:1 | Entered Level 1 of the Shoals
 21767 | Shoals:1 | Found a transporter.
 21770 | Shoals:1 | Noticed AtomicRavioli's ghost (adept OgFi)
 21811 | Shoals:1 | Found a transporter.
 22221 | Shoals:2 | Received a gift from Trog
 23387 | Shoals:2 | Noticed a kraken
 23716 | Shoals:3 | Reached skill level 1 in Shields
 23876 | Shoals:3 | Reached XP level 16. HP: 142/157 MP: 6/15
 24037 | Shoals:3 | Reached skill level 5 in Shields
 24045 | Shoals:3 | Received a gift from Trog
 24048 | Shoals:3 | Got a translucent eveningstar {god gift}
 24306 | Shoals:4 | Entered Level 4 of the Shoals
 26226 | Shoals:4 | Noticed a kraken
 26326 | Shoals:4 | Reached skill level 18 in Fighting
 26416 | Shoals:4 | Got a barnacled rune of Zot
 26718 | Spider:1 | Entered Level 1 of the Spider Nest
 26799 | Spider:1 | Reached skill level 15 in Polearms
 27332 | Spider:1 | Received a gift from Trog
 27957 | Spider:2 | Reached skill level 15 in Dodging
 27958 | Spider:2 | You fall into a shaft and drop 1 floor!
 28113 | Spider:3 | Reached XP level 17. HP: 130/166 MP: 7/16
 28318 | Spider:2 | Received a gift from Trog
 28345 | Spider:2 | Identified the +1 eveningstar of Zymaso {speed, rElec}
                  | (Trog gifted it to you on level 3 of the Shoals)
 28744 | Spider:2 | Slain by a tyrant leech

Levels and vault maps discovered:
D:1:      roderic_dead_forest, layout_loops_corners, minmay_splitting_lines
D:2:      layout_loops_cross
D:3:      layout_basic, lemuel_coloured_pillars_altar
D:4:      cheibrodos_greedy_goblins, layout_loops_ring,
          nicolae_gozag_seed_capital, kennysheep_mini_moat, minivault_23
D:5:      layout_rooms, nicolae_overflow_crystal_walls, first_ration
D:6:      layout_basic, lemuel_crystal_altar, serial_shops,
          nicolae_shop_temple_entry_statues_fountains,
          nicolae_dithmenos_shadow_blocks, uniq_duvessa
D:7:      layout_loops_corners, nicolae_overflow_hidden_temple,
          minmay_temple_entry_fiery, uniq_pikel
D:8:      layout_basic, lemuel_crystal_altar, yredelemnul_altar_generic,
          enter_bailey_3, hangedman_little_slice_of_home
D:9:      kennysheep_blocky_room, layout_loops_corners, zombieorc2_lemuel,
          serial_shops, shop_statue
D:10:     layout_layer_cave, grunt_lair_entry_orc_guard_hut, xom_teletrap_fun,
          uniq_josephine
D:11:     layout_roguey, serial_shops, shop, shop
D:12:     layout_long_grid
D:13:     minmay_s_stair_smasher, layout_basic,
          portal_ice_cave_entry_animals_and_master, serial_shops, shop,
          basic_altar
D:14:     layout_gridville, erik_vaults_2
D:15:     grunt_enter_depths_giant_problem, layout_cave_pools, chequers_avenue,
          hangedman_abyss_or_decor_stagger, minmay_door_square,
          evilmike_minifort, uniq_kirke
Lair:1:   layout_regular_city
Lair:2:   layout_hall_layers, minmay_shoals_entry_beasts, beast_lair_carwin_8
Lair:3:   layout_gridlike, serial_bayou_pond_b, uniq_sonja
Lair:4:   layout_loops_ring, spider_nest_entry_web_field
Lair:5:   layout_gridlike, slime_altar_2, grunt_megastairs_3
Lair:6:   minmay_lair_end_frog_pond, layout_misc_corridors
Shoals:1: layout_shoals, gammafunk_ghost_berserking_beasts
Shoals:2: layout_shoals, nicolae_shoals_this_corrosion
Shoals:3: layout_shoals
Shoals:4: shoals_end_hangedman, layout_shoals, abandoned_shop
Spider:1: layout_spider_delve
Spider:2: layout_spider_delve, worms_lemuel
Spider:3: layout_chambers, nicolae_spider_ant_collections, uniq_roxanne
Orc:1:    layout_diamond_mine
Orc:2:    grunt_orc_gardens, layout_caves, grunt_orc_garden, grunt_orc_garden,
          grunt_orc_garden, grunt_orc_garden, gammafunk_ghost_stat_death,
          basic_altar, serial_shops, shop_fountains, shop, shop, shop, shop,
          uniq_jorgrun

Skill      XL: |  1  2  3  4  5  6  7  8  9 10 11 12 13 14 15 16 |
---------------+-------------------------------------------------+-----
Axes           | 4 5 6 7 8 9 |  9.4
Fighting       | 4 5 6 8 9 10 12 14 15 16 17 18 | 18.6
Armour         | 3 4 5 7 8 10 12 13 15 16 17 | 17.7
Polearms       | 5 8 11 12 13 14 15 | 15.6
Dodging        | 3 7 10 12 13 15 | 15.2
Shields        | 2 9 |  9.0

Action                   |  1- 3 |  4- 6 |  7- 9 | 10-12 | 13-15 | 16-18 || total
-------------------------+-------+-------+-------+-------+-------+-------++-------
Melee: Hand axe          |    74 |    92 |   106 |       |       |       ||   272
       Headbutt          |    10 |    22 |    65 |   181 |   341 |   185 ||   804
       Trident           |       |       |   140 |   647 |  1179 |   627 ||  2593
       Bardiche          |       |       |       |       |    11 |       ||    11
Throw: Javelin           |       |       |       |       |     2 |       ||     2
       Boomerang         |       |       |       |       |     7 |       ||     7
Invok: Berserk           |       |     1 |     1 |       |     4 |     2 ||     8
       Brothers in Arms  |       |       |       |     1 |     4 |     4 ||     9
       Trog's Hand       |       |       |       |       |     3 |     2 ||     5
 Abil: Blink             |       |       |       |     2 |       |       ||     2
  Use: Potion            |     1 |     1 |     2 |     3 |     6 |     2 ||    15
       Scroll            |       |       |    20 |    14 |    20 |     2 ||    56
 Stab: Sleeping          |     1 |       |       |       |       |       ||     1
       Distracted        |       |       |       |       |     1 |       ||     1
  Eat: Chunk             |     2 |     5 |     4 |    15 |    24 |    10 ||    60
       Ration            |       |       |     3 |     2 |     6 |     3 ||    14
Armor: Animal skin       |     3 |       |       |       |       |       ||     3
       Chain mail        |    35 |    40 |    77 |       |       |       ||   152
       Plate armour      |       |       |    32 |   389 |   649 |   300 ||  1370
Dodge: Dodged            |    23 |    33 |    91 |   220 |   775 |   459 ||  1601
Block: Other             |       |       |       |    22 |   108 |       ||   130
       Reflection        |       |       |       |     1 |     2 |     6 ||     9
       Buckler           |       |       |       |       |     9 |   289 ||   298
